 Dungeon Crawl Stone Soup version 0.18-a0-731-ga019a5f (webtiles) character file.

59 Duffy the Magician (level 3, -3/19 HPs)
             Began as a Deep Elf Ice Elementalist on Dec 9, 2015.
             Slain by a worker ant (7 damage)
             ... on level 3 of the Dungeon.
             The game lasted 00:02:22 (1534 turns).

Duffy the Magician (Deep Elf Ice Elementalist)      Turns: 1534, Time: 00:02:23

Health: -3/19      AC:  2    Str:  5    XL:     3   Next: 78%
Magic:  8/11       EV: 13    Int: 20    God:
Gold:   68         SH:  0    Dex: 15    Spells: 1 memorised, 10 levels left

rFire  . . .     SeeInvis .     (no weapon)
rCold  . . .     Clarity  .     a - +0 robe
rNeg   . . .     SustAt   .     (no shield)
rPois  .         Gourm    .     (no helmet)
rElec  .         Spirit   .     (no cloak)
rCorr  .         Dismiss  .     (no gloves)
rMut   .         Stasis   .     (no boots)
MR     .....                    (no amulet)
Stlth  ++........               (no ring)
                                (no ring)

@: lethally poisoned (-3 -> -12), not resistant to hostile enchantments,
unstealthy
A: no striking features
a: no special abilities


You were on level 3 of the Dungeon.
You were not hungry.

You visited 1 branch of the dungeon, and saw 3 of its levels.

You collected 68 gold pieces.


   Skills:
 - Level 2.4 Dodging
 - Level 2.4 Stealth
 + Level 4.5 Spellcasting
   Level 1.1 Conjurations
 + Level 4.3 Ice Magic


You had 10 spell levels left.
You knew the following spells:

 Your Spells              Type           Power        Failure   Level  Hunger
a - Freeze                Ice            ###.         1%          1    None

Inventory:

Armour
 a - a +0 robe (worn)
Scrolls
 d - 3 scrolls of identify {unknown}
 g - a scroll of enchant armour {unknown}
 h - 3 scrolls of remove curse {unknown}
 k - a scroll of enchant weapon {unknown}
 l - a scroll of teleportation {unknown}
 m - 2 scrolls of fear {unknown}
Potions
 e - a potion of heal wounds {unknown}
 i - a potion of magic {unknown}
Books
 b - a book of Frost
Comestibles
 c - 3 bread rations
 f - a meat ration
 j - a slice of pizza

Dungeon Overview and Level Annotations

Branches:
Dungeon (3/15)

Altars:
Dithmenos
Okawaru
Vehumet
Zin


Message History

Cast which spell? (? or * to list)
You can't see any susceptible monsters within range! (Use Z to cast anyway.)
You start resting.
Your magical contamination has completely faded away.
There is a stone staircase leading down here.
You climb downwards.
There is a stone staircase leading up here.
Magic restored.
A worker ant comes into view.
Found a stone staircase leading up.
The worker ant twitches its antennae in your direction.
Cast which spell? (? or * to list)
Aiming: Freeze
Press: ? - help, Shift-Dir - straight line, f - worker ant
Aim: a worker ant You freeze the worker ant.
The worker ant is lightly wounded.
The worker ant bites you.
Cast which spell? (? or * to list)
Aiming: Freeze
Press: ? - help, Shift-Dir - straight line, f/p - worker ant
Aim: a worker ant (lightly wounded)
You freeze the worker ant.
The worker ant is lightly wounded.
The worker ant bites you.
You are poisoned.
The worker ant poisons you! The worker ant bites you.
Cast which spell? (? or * to list)
Aiming: Freeze
Press: ? - help, Shift-Dir - straight line, f/p - worker ant
Aim: a worker ant (lightly wounded)
You freeze the worker ant.
The worker ant is moderately wounded.
You feel sick. The worker ant bites you!
You die...

..#. #... ..# #..#
#.# # #..# #.#.#
#..# #<#.#
#..#####.#.#
#.<........#
##.####...#
#....#.@a###.#
###..........#
#.####............
#.................
#########...######
#...# #...# #####


You could see a worker ant.

Action                   || total
-------------------------++-------
 Cast: Freeze            ||    60
  Eat: Chunk             ||     2

Notes
Turn   | Place    | Note
--------------------------------------------------------------
     0 | D:1      | Duffy the Deep Elf Ice Elementalist began the quest for the Orb.
     0 | D:1      | Reached XP level 1. HP: 10/10 MP: 6/6
   150 | D:1      | Found an iron altar of Okawaru.
   264 | D:1      | Reached XP level 2. HP: 10/15 MP: 5/8
   828 | D:2      | Reached skill level 4 in Spellcasting
   828 | D:2      | Reached skill level 4 in Ice Magic
   902 | D:2      | Reached XP level 3. HP: 19/19 MP: 8/10
   953 | D:2      | Found a glowing silver altar of Zin.
  1382 | D:2      | Found a radiant altar of Vehumet.
  1384 | D:2      | Found an iron altar of Okawaru.
  1386 | D:2      | Found a shadowy altar of Dithmenos.
  1534 | D:3      | Slain by a worker ant

Vault maps used:
D:1:      scummos_arrival_hexagon, okawaru_ov_weapons_minmay
D:2:      lemuel_doored_altar, grunt_temple_overflow_diamond, first_bread,
          uniq_natasha
D:3:      lemuel_crystal_altar

Vanquished Creatures
  A gnoll
  An adder
  A worm
  A giant cockroach
  6 goblins
  2 hobgoblins
  2 jackals
  7 kobolds
  3 ball pythons
  6 bats
  A giant newt
  2 quokkas
  4 rats
37 creatures vanquished.
